 Dungeon Crawl Stone Soup version 0.29-a0-330-g52719c12eb (webtiles) character file.

Game seed: 12357580183019861233

10044 Gwenloh the Geomancer (level 11, 0/69 HPs)
             Began as a Gargoyle Earth Elementalist on Apr 15, 2022.
             Was an Elder of Elyvilon.
             Shot with an arrow by a minotaur (8 damage)
             ... in a Gauntlet on Apr 16, 2022.
             The game lasted 00:53:24 (13326 turns).

Gwenloh the Geomancer (GrEE)                       Turns: 13326, Time: 00:53:25

Health: 0/69       AC: 19    Str: 12    XL:     11   Next: 56%
Magic:  20/22      EV: 11    Int: 26    God:    Elyvilon [****..]
Gold:   785        SH:  5    Dex: 10    Spells: 19/25 levels left

rFire   + . .      SeeInvis .   l - +0 quarterstaff
rCold   . . .      Faith    .   (shield currently unavailable)
rNeg    + . .      Spirit   .   y - +1 troll leather armour {Pargi}
rPois   ∞          Reflect  +   L - +0 helmet
rElec   +          Harm     .   J - +0 cloak
rCorr   .          Rampage  .   w - +0 pair of gloves
Will    .....      NoTele   +   A - +0 pair of boots
Stlth   ++........              z - amulet of reflection
HPRegen 1.01/turn               F - ring of protection from fire
MPRegen 0.18/turn               e - +6 ring of intelligence

@: no status effects
A: sickness immunity, AC +8, negative energy resistance 1, electricity
resistance, torment resistance 1, petrification resistance
a: Renounce Religion, Purification, Heal Other, Heal Self


You were in a Gauntlet.
You worshipped Elyvilon.
Elyvilon was greatly pleased with you.
You visited 3 branches of the dungeon, and saw 10 of its levels.
You also visited: Ossuary, Bailey and Gauntlet.

You collected 785 gold pieces.

Inventory:

Hand Weapons
 l - a +0 quarterstaff (weapon)
 u - a +1 flail
 V - a +2 broad axe of flaming
Missiles
 a - 98 stones
 k - 2 throwing nets
 n - 35 poisoned darts
 x - 2 silver javelins
 N - 6 javelins
Armour
 w - a +0 pair of gloves (worn)
 y - a +1 troll leather armour (worn) {Pargi}
 A - a +0 pair of boots (worn)
 J - a +0 cloak (worn)
 L - a +0 helmet (worn)
 Q - +0 steam dragon scales
 W - the +1 hat of Levity {Rampage Int+3 Dex-2 Stlth+}
   (You found it in a Gauntlet)

   Int:       It affects your intelligence (+3).
   Dex:       It affects your dexterity (-2).
   Rampage:   It bestows one free step when moving towards enemies.
   Stlth:     It makes you more stealthy.
 Y - +1 fire dragon scales
Magical Staves
 p - a staff of conjuration
Jewellery
 e - a +6 ring of intelligence (right hand)
 i - a ring of see invisible
 z - an amulet of reflection (around neck)
 D - an amulet of regeneration
 F - a ring of protection from fire (left hand)
 T - a +6 ring of dexterity
Wands
 h - a wand of iceblast (3)
 U - a wand of paralysis (2)
Scrolls
 b - 2 scrolls of blinking
 f - 3 scrolls of enchant weapon
 g - 2 scrolls of amnesia
 j - 7 scrolls of enchant armour
 m - 2 scrolls of fear
 q - a scroll of torment {unknown}
 t - 3 scrolls of immolation
 v - a scroll of summoning {unknown}
 B - a scroll of holy word {unknown}
 C - 4 scrolls of teleportation
 G - a scroll of magic mapping
 I - 2 scrolls of noise {unknown}
 M - a scroll of fog {unknown}
 O - a scroll of silence {unknown}
 R - a scroll of brand weapon {unknown}
 Z - a scroll of acquirement {unknown}
Potions
 c - a potion of magic
 d - 3 potions of brilliance {unknown}
 o - 4 potions of berserk rage {unknown}
 r - 2 potions of attraction {unknown}
 s - 2 potions of lignification {unknown}
 E - a potion of ambrosia {unknown}
 H - 2 potions of resistance {unknown}
 K - 2 potions of might {unknown}
 P - 2 potions of degeneration {unknown}
 S - a potion of curing {unknown}
 X - 2 potions of cancellation {unknown}


   Skills:
 + Level 8.8 Fighting
 + Level 7.7 Armour
 - Level 2.0 Dodging
 - Level 2.4 Stealth
 + Level 7.8 Spellcasting
 + Level 8.5 Conjurations
 - Level 2.0 Transmutations
 + Level 10.4 Earth Magic


You had 19 spell levels left.
You knew the following spells:

 Your Spells              Type           Power      Damage    Failure   Level
a - Sandblast             Erth           100%       2d20      1%          1
b - Stone Arrow           Conj/Erth      100%       3d13      1%          3
c - Passwall              Tmut/Erth      35%        N/A       1%          2

Your spell library contained the following spells:

 Spells                   Type           Power      Damage    Failure   Level
 Magic Dart               Conj           100%       1d8       1%          1
 Petrify                  Tmut/Erth      42%        N/A       5%          4
 Animate Skeleton         Necr           20%        N/A       7%          1
 Apportation              Tloc           20%        N/A       7%          1
 Freeze                   Ice            40%        1d6       7%          1
 Summon Small Mammal      Summ           40%        N/A       7%          1
 Mephitic Cloud           Conj/Pois/Air  25%        N/A       7%          3
 Leda's Liquefaction      Hex/Erth       18%        N/A       9%          4
 Call Imp                 Summ           10%        N/A       11%         2
 Ensorcelled Hibernation  Hex/Ice        20%        N/A       11%         2
 Hailstorm                Conj/Ice       32%        3d8       12%         4
 Spider Form              Tmut/Pois      15%        N/A       14%         3
 Call Canine Familiar     Summ           10%        N/A       22%         3
 Frozen Ramparts          Ice            20%        1d4       22%         3
 Portal Projectile        Hex/Tloc       20%        N/A       22%         3
 Anguish                  Hex/Necr       5%         N/A       56%         4
 Blade Hands              Tmut           10%        N/A       65%         5
 Excruciating Wounds      Necr           5%         N/A       89%         5


Dungeon Overview and Level Annotations

Branches:
Dungeon (8/15)             Temple (1/1) D:4            Lair (1/6) D:8
Ossuary (visited)          Bailey (visited)         Gauntlet (1/1)

Altars:
Ashenzari
Cheibriados
Dithmenos
Elyvilon
Fedhas
Gozag
Hepliaklqana
Makhleb
Nemelex Xobeh
Okawaru
Qazlal
Trog
Uskayaw
Wu Jian
Xom
Yredelemnul
Zin

Annotations:
Gauntlet 8 transporters, exclusion: oklob plant


Innate Abilities, Weirdness & Mutations

You are immune to sickness and miasma.
Your stone body is resilient. (AC +8)
You are immune to poison.
You resist negative energy. (rN+)
You are resistant to electric shocks. (rElec)
You are resistant to unholy torment.
You are immune to petrification.


Message History

The minotaur resists with almost no effort.
The minotaur shoots an arrow.
The arrow hits you!
* * * LOW HITPOINT WARNING * * *
x2 You close the door.
Something unseen breaks down the door.
The minotaur shoots an arrow.
The arrow misses you.
You start removing your amulet.
You continue taking off your amulet of regeneration. x4
The minotaur shoots an arrow.
The arrow hits you.
You finish taking off your amulet of regeneration.
Okay, then.
You start putting on your amulet.
You continue putting on your amulet of reflection.
The minotaur shoots an arrow.
Keep equipping yourself?
The arrow hits you!
You continue putting on your amulet of reflection.
The minotaur shoots an arrow.
The arrow barely misses you.
You continue putting on your amulet of reflection.
The minotaur shoots an arrow.
The arrow hits you!! Elyvilon protects you from harm!
You continue putting on your amulet of reflection. x2
The minotaur unwields a +1 vorpal shortbow.
The minotaur wields a +0 battleaxe of venom.
It begins to drip with poison!
The minotaur closely misses you.
The minotaur gores you but does no damage.
You finish putting on your amulet of reflection.
You feel a shielding aura gather around you.
z - an amulet of reflection (around neck)
The minotaur unwields a +0 battleaxe of venom.
It stops dripping with poison.
The minotaur wields a +1 vorpal shortbow.
The minotaur shoots an arrow.
The arrow hits you!!
* * * LOW HITPOINT WARNING * * *
x2 Unknown command.
Okay, then.
You are healed.
The minotaur shoots an arrow.
The arrow hits you!
* * * LOW HITPOINT WARNING * * *
x2 The minotaur shoots an arrow.
The arrow hits you!
You die...

###w#...###.♣.#######
.#.w#.♣..##...##....#
©#.©#.PP..#.♣.##.##.#
.^.?#..P♣.#......##.#
#.#.#...P.#.©.##.##.# #
wwww#.....#...##....#.# ≈#
#####.....#.©.##.##.#.#.≈≈#
.......∩..#......##.'...H≈#
#####.....#.©.##@##.#
B)Z.#.....#...##....#
###=#.....#.©.##.##.#
..#©#...♣.#......##.#
#.###.PP..#.♣.##H##.#
#...#.♣..##...##....#
###.#.P.###.♣.#######
..'.#...≈##...#
#####.P.≈≈#####


You could see a minotaur.

Vanquished Creatures
  A two-headed ogre (Bailey)
  A moth of wrath (Gauntlet)
  Maggie (D:7)
  A torpor snail (Gauntlet)
  A cane toad (Lair:1)
  A komodo dragon (Lair:1)
  A troll (D:8)
  Prince Ribbit (D:5)
  A wyvern (D:7)
  4 spriggans (Bailey)
  A spectral komodo dragon (Gauntlet)
  4 steam dragons
  4 water moccasins
  Pargi (D:4)
  3 sky beasts
  A black bear (D:4)
  3 ice beasts
  9 ogres
  7 wolves (Gauntlet)
  2 centaurs
  3 kobold brigands
  3 phantoms
  7 necrophages
  4 scorpions
  2 bullfrogs
  4 gnoll sergeants
  13 wights
  A killer bee (D:6)
  A howler monkey (D:5)
  3 electric eels (D:8)
  4 crimson imps (D:6)
  7 hounds
  2 jellies
  2 gnoll shamans (D:6)
  6 iguanas
  An orc wizard (D:8)
  8 mummies (Ossuary)
  25 gnolls
  7 adders
  7 white imps
  An ufetubus (D:7)
  4 dart slugs
  17 orcs
  7 ball pythons
  7 endoplasms
  3 giant cockroaches
  5 goblins
  4 hobgoblins
  13 jackals
  16 kobolds
  5 quokkas
  4 bats (D:1)
  2 frilled lizards
  A gnoll zombie (Ossuary)
  2 hobgoblin zombies (Ossuary)
  2 kobold zombies (Ossuary)
  3 orc zombies (Ossuary)
254 creatures vanquished.

Vanquished Creatures (collateral kills)
  A gnoll (D:4)
1 creature vanquished.

Vanquished Creatures (others)
  A shadow imp (D:8)
1 creature vanquished.

Grand Total: 256 creatures vanquished

Notes
Turn   | Place    | Note
-------+----------+-------------------------------------------
     0 | D:1      | Gwenloh the Gargoyle Earth Elementalist began the quest for
                  | the Orb.
     0 | D:1      | Reached XP level 1. HP: 10/10 MP: 3/3
   348 | D:1      | Reached skill level 1 in Transmutations
   348 | D:1      | Reached XP level 2. HP: 5/15 MP: 1/5
   669 | D:1      | Learned a level 2 spell: Passwall
  1165 | D:1      | Reached XP level 3. HP: 12/19 MP: 4/6
  1444 | D:1      | Reached skill level 4 in Earth Magic
  1543 | D:1      | Learned a level 3 spell: Stone Arrow
  1631 | D:2      | Noticed an ogre
  1757 | D:2      | Killed an ogre
  1758 | D:2      | Reached skill level 1 in Fighting
  1758 | D:2      | Reached XP level 4. HP: 25/25 MP: 3/8
  1758 | D:2      | Reached XP level 5. HP: 29/29 MP: 3/9
  2257 | D:3      | Reached skill level 1 in Conjurations
  2838 | D:3      | Reached XP level 6. HP: 35/35 MP: 10/10
  3123 | D:4      | Found a staircase to the Ecumenical Temple.
  3129 | Temple   | Entered the Ecumenical Temple
  3163 | Temple   | Became a worshipper of Elyvilon the Healer
  3204 | D:4      | Reached skill level 5 in Earth Magic
  3572 | D:4      | Noticed Pargi
  3884 | D:4      | Killed Pargi
  3885 | D:4      | Reached XP level 7. HP: 41/41 MP: 2/12
  4525 | D:4      | Reached skill level 6 in Earth Magic
  4572 | D:5      | Entered Level 5 of the Dungeon
  4573 | D:5      | Noticed Prince Ribbit
  4587 | D:5      | Killed Prince Ribbit
  4588 | D:5      | Reached skill level 1 in Armour
  4588 | D:5      | Reached XP level 8. HP: 20/48 MP: 1/14
  5384 | D:5      | Reached * piety under Elyvilon
  5700 | D:5      | Reached skill level 5 in Fighting
  5700 | D:5      | Reached skill level 7 in Earth Magic
  5776 | D:6      | Reached skill level 5 in Spellcasting
  5929 | D:6      | Reached XP level 9. HP: 54/54 MP: 9/16
  5994 | D:6      | Reached skill level 5 in Conjurations
  6419 | D:6      | Found a shimmering altar of Xom.
  6692 | D:6      | Reached ** piety under Elyvilon
  7227 | D:6      | Reached skill level 8 in Earth Magic
  7568 | D:6      | Found a hide-covered altar of Uskayaw.
  7628 | D:6      | Reached skill level 5 in Armour
  8011 | D:7      | Reached XP level 10. HP: 61/61 MP: 1/19
  8818 | D:7      | Noticed Maggie
  8829 | D:7      | Killed Maggie
  9087 | D:7      | Reached skill level 9 in Earth Magic
  9740 | D:8      | Reached *** piety under Elyvilon
  9757 | D:8      | Found a flagged portal.
  9825 | Bailey   | Entered a bailey
 10157 | Bailey   | Noticed a two-headed ogre
 10160 | Bailey   | Killed a two-headed ogre
 10161 | Bailey   | Reached XP level 11. HP: 47/68 MP: 11/21
 10345 | D:8      | Found a sand-covered staircase.
 10353 | Ossuary  | Entered an ossuary
 11106 | D:8      | Reached skill level 10 in Earth Magic
 11250 | D:8      | Found a staircase to the Lair.
 12112 | Lair:1   | Entered Level 1 of the Lair of Beasts
 12446 | Lair:1   | Found a gate leading to a gauntlet.
 12466 | Gauntlet | Entered a Gauntlet
 12466 | Gauntlet | Found a transporter.
 12466 | Gauntlet | Reached **** piety under Elyvilon
 12468 | Gauntlet | Noticed a moth of wrath
 12519 | Gauntlet | Found a transporter.
 12519 | Gauntlet | Found a transporter.
 12532 | Gauntlet | Found a transporter.
 12533 | Gauntlet | Found a transporter.
 12539 | Gauntlet | Noticed a quicksilver ooze
 12542 | Gauntlet | Found a transporter.
 12554 | Gauntlet | Found a runed translucent door.
 12558 | Gauntlet | Found a transporter.
 12558 | Gauntlet | Noticed a death scarab
 12565 | Gauntlet | Noticed a death scarab
 12568 | Gauntlet | Found a transporter.
 12579 | Gauntlet | Found a transporter.
 12581 | Gauntlet | Noticed a purple ugly thing
 12581 | Gauntlet | Noticed a glowing orange brain
 12593 | Gauntlet | Found a transporter.
 12610 | Gauntlet | Found a transporter.
 12622 | Gauntlet | Found a transporter.
 12624 | Gauntlet | Found a transporter.
 12625 | Gauntlet | Noticed an oklob plant
 12672 | Gauntlet | Found a transporter.
 12791 | Gauntlet | Killed a moth of wrath
 13146 | Gauntlet | Identified the +1 hat of Levity {Rampage Int+3 Dex-2
                  | Stlth+}
 13204 | Gauntlet | HP: 3/69 [spectral komodo dragon (5)]
 13211 | Gauntlet | HP: 2/69 [spectral komodo dragon (6)]
 13299 | Gauntlet | Noticed a minotaur
 13320 | Gauntlet | Elyvilon protects you from harm!
 13324 | Gauntlet | HP: 2/69 [minotaur/arrow (6)]
 13326 | Gauntlet | Shot with an arrow by a minotaur

Illustrated notes

Levels and vault maps discovered:
D:1:      dpeg_arrival_simpleton_a, layout_basic
D:2:      layout_basic
D:3:      layout_basic, grunt_decor_fettered, minmay_misc_feat_enclosed
D:4:      layout_basic, minmay_temple_entry_tees, uniq_pargi
D:5:      layout_basic, minmay_misc_feat_rugged, uniq_prince_ribbit1
D:6:      minmay_razor_zed, layout_basic,
          mainiacjoe_overflow_concentric_impassable, led_xom_imps,
          solitary_fountain, minmay_fractal_squares_diagonal_5
D:7:      minmay_s_stair_smasher, layout_basic, nicolae_elevator_lobby_asterisk,
          uniq_maggie
D:8:      layout_basic, erik_lair_island, enter_bailey_2,
          nicolae_ossuary_entry_monument
Temple:   minmay_freezing_vapour_temple
Lair:1:   layout_cave_pods, gauntlet_entry_generic
Gauntlet: minmay_gauntlet_77_tree [minmay_gauntlet_arena_77_double_cross,
          minmay_gauntlet_arena_77_braids, minmay_gauntlet_arena_77_box,
          minmay_gauntlet_arena_77_squiggly,
          minmay_gauntlet_arena_77_broken_ladder, minmay_gauntlet_arena_77_path,
          minmay_gauntlet_arena_77_checkered, gauntlet_exit_watery]

Skill      XL: |  1  2  3  4  5  6  7  8  9 10 11 |
---------------+----------------------------------+-----
Transmutations | 1 2 |  2.0
Dodging        | 2 |  2.0
Earth Magic    | 4 5 6 7 8 9 10 | 10.4
Fighting       | 1 2 3 4 5 6 8 |  8.8
Spellcasting   | 3 4 5 6 7 |  7.8
Conjurations   | 1 2 3 4 6 7 8 |  8.5
Armour         | 1 3 5 6 7 |  7.7
Stealth        | |  2.4

Action                   |  1- 3 |  4- 6 |  7- 9 | 10-12 || total
-------------------------+-------+-------+-------+-------++-------
Melee: Unarmed           |    30 |       |       |       ||    30
       Dagger            |    41 |       |       |       ||    41
       Quarterstaff      |       |    51 |    55 |   132 ||   238
       Flail             |       |     7 |    13 |       ||    20
Throw: Dart              |     3 |     7 |       |       ||    10
       Javelin           |       |     1 |     7 |       ||     8
 Cast: Sandblast         |    41 |    28 |    38 |    40 ||   147
       Stone Arrow       |       |     6 |    93 |   154 ||   253
Invok: Purification      |       |       |       |     1 ||     1
       Heal Self         |       |       |       |     1 ||     1
Evoke: Wand              |       |       |       |    32 ||    32
  Use: Scroll            |       |       |     7 |     3 ||    10
       Potion            |       |       |       |     2 ||     2
 Stab: Sleeping          |       |     1 |       |       ||     1
Armor: Robe              |    37 |    24 |       |       ||    61
       Troll leather arm |       |       |    50 |   150 ||   200
Dodge: Dodged            |    45 |    47 |    55 |   172 ||   319

Table legend: (Time is in decaauts)
 A = Elapsed time spent in this place.
 B = Non-inter-level travel time spent in this place.
 C = Inter-level travel time spent in this place.
 D = Time resting spent in this place.
 E = Time spent auto-exploring this place.
 F = Levels seen in this place.
 G = Mean time per level.
                   A        B        C        D        E       F      G
               +--------+--------+--------+--------+--------+-----+--------+
         Total |  13452 |  13154 |    298 |   1989 |   8674 |  13 | 1034.8 |
       Dungeon |  11187 |  10889 |    298 |   1188 |   7953 |   8 | 1398.4 |
        Temple |     39 |     39 |      0 |      0 |      0 |   1 |   39.0 |
          Lair |    356 |    356 |      0 |      0 |    309 |   1 |  356.0 |
       Ossuary |    526 |    526 |      0 |    288 |     56 |   1 |  526.0 |
        Bailey |    448 |    448 |      0 |    187 |    152 |   1 |  448.0 |
      Gauntlet |    894 |    894 |      0 |    326 |    204 |   1 |  894.0 |
               +--------+--------+--------+--------+--------+-----+--------+

Top non-repeatable levels by time:
     D:6: 2414 daAuts
     D:1: 1671 daAuts
     D:7: 1643 daAuts
     D:8: 1367 daAuts
     D:4: 1227 daAuts
     D:3: 1207 daAuts
     D:5: 1190 daAuts
Gauntlet: 894 daAuts
 Ossuary: 526 daAuts
     D:2: 465 daAuts
  Bailey: 448 daAuts
  Lair:1: 356 daAuts
  Temple: 39 daAuts
